 Dungeon Crawl Stone Soup version 0.16-b1 (webtiles) character file.

2930 kae the Markscentaur (level 9, 0/67 HPs)
             Began as a Centaur Hunter on Mar 10, 2015.
             Killed from afar by a gnoll sergeant (12 damage)
             ... with a wand of cold
             ... on level 7 of the Dungeon.
             The game lasted 00:12:57 (9037 turns).

kae the Markscentaur (Centaur Hunter)               Turns: 9037, Time: 00:12:57

Health: 0/67       AC:  8    Str: 15    XL:     9   Next: 50%
Magic:  7/7        EV:  9    Int: 10    God:
Gold:   340        SH:  0    Dex: 13    Spells: 0 memorised, 8 levels left

rFire  . . .     SeeInvis .     b - +2 shortbow
rCold  . . .     Clarity  .     d - +0 leather armour
rNeg   . . .     SustAb   .     (no shield)
rPois  +         Gourm    .     (no helmet)
rElec  .         Spirit   .     m - +0 cloak
rCorr  .         Warding  .     l - +2 pair of gloves
rMut   .         Stasis   .     (no barding)
MR     .....                    (no amulet)
Stlth  +.........               H - ring of invisibility
                                x - ring of poison resistance

@: very slightly contaminated, hasted, very quick, not resistant to hostile
enchantments, very unstealthy
A: hooves 3, deformed body, speed 2, tough skin 3
a: Evoke Invisibility


You were on level 7 of the Dungeon.
You were not hungry.

You visited 1 branch of the dungeon, and saw 7 of its levels.

You collected 340 gold pieces.

Inventory:

Hand weapons
 a - a +0 short sword
 b - a +2 shortbow (weapon)
Missiles
 c - 2 arrows (quivered)
Armour
 d - a +0 leather armour (worn)
 l - a +2 pair of gloves (worn)
 m - a +0 cloak (worn)
Jewellery
 x - a ring of poison resistance (left hand)
 H - a ring of invisibility (right hand)
Magical devices
 w - a wand of slowing (9)
 E - a wand of frost (48)
Scrolls
 g - a scroll of teleportation
 h - 2 scrolls of recharging
 i - a scroll of fog
 j - 4 scrolls of remove curse
 k - a scroll of identify
 q - 7 scrolls of enchant armour
Potions
 e - 6 potions of curing
 s - a potion of mutation
 t - 2 potions of restore abilities
 u - a potion of cure mutation {unknown}
 z - 3 potions of heal wounds
 A - a potion of lignification
 C - a potion of cancellation
 F - a potion of brilliance {unknown}
 G - 2 potions of haste
 K - a potion of resistance
Books
 I - a book of the Dragon

   Spells                             Type                      Level
   a - Flight                         Charms/Air                   3
   b - Cause Fear                     Hexes                        4
   c - Bolt of Fire                   Conjuration/Fire             6
   d - Dragon Form                    Transmutation                7
   e - Dragon's Call                  Summoning                    9
Comestibles
 f - 5 bread rations
 n - 2 meat rations
 p - 2 slices of pizza
 r - 9 fruits
 v - 3 royal jellies
 D - 3 beef jerkies
 J - a poisonous chunk of flesh


   Skills:
 - Level 2.0 Fighting
 * Level 16.6 Bows
 - Level 1.3 Dodging
 - Level 0.5 Stealth


You had 8 spell levels left.
You didn't know any spells.

Dungeon Overview and Level Annotations

Branches:
Dungeon (7/15)
 Temple: D:4-7

Altars:
Ashenzari
Cheibriados
Elyvilon
Fedhas
Makhleb
Nemelex Xobeh
Ru
Xom


Innate Abilities, Weirdness & Mutations

You have hooves in place of feet.
Armour fits poorly on your strangely shaped body.
You cover ground very quickly.
You have extremely tough skin (AC +3).


Message History

Firing (i - inventory):
c - 2 arrows (quivered)
Press: ? - help, Shift-Dir - straight line, f/p - gnoll sergeant
Aim: a gnoll sergeant, wielding an antimagic spear, wearing a scale mail, wearing a shield and carrying a wand of cold {zapped: 2} (inner flame)
You shoot an arrow.
The arrow hits the gnoll sergeant but does no damage.
You see here an arrow.
Firing (i - inventory):
c - an arrow (quivered)
Press: ? - help, Shift-Dir - straight line, f/p - gnoll sergeant
Aim: a gnoll sergeant, wielding an antimagic spear, wearing a scale mail, wearing a shield and carrying a wand of cold {zapped: 2} (inner flame)
You shoot an arrow. The arrow hits the gnoll sergeant.
The gnoll sergeant is lightly wounded.
c - an arrow The gnoll sergeant zaps a wand.
The bolt of cold hits you!
* * * LOW HITPOINT WARNING * * *
You are too injured to fight recklessly!
You are too injured to fight recklessly!
You see here an arrow.
c - 2 arrows (gained 1)
The gnoll sergeant zaps a wand.
The bolt of cold hits you!
You die...

#........#.###.#
#..............# #
#........#....... ..... .
.......(.#####.#.##
#...##.##....###...........
#...##.##....###..###......
.#......##....+.(.......###
.#...##.##....##.#.####.####
.....##.##......@...........
.#...##.##..####.#.####.....
........##..# #.#......# #
).......##..# #.#.####.#
.##.....##..####.#.#
.##.........(..#.#.#
..........<.(g(g.#.####.#
............######......#
.....#.............####.+


You could see a gnoll sergeant (inner flame).

Vanquished Creatures
  The ghost of McCoppin the Arsonist, an experienced HuFE of Vehumet (D:7)
  A water moccasin (D:5)
  4 ice beasts (D:6)
  2 centaurs
  A phantom (D:6)
  6 ogres
  2 orc warriors (D:6)
  A giant frog (D:6)
  A scorpion (D:6)
  A crimson imp (D:5)
  A giant frog zombie (D:6)
  A goliath beetle (D:6)
  2 jellies (D:7)
  Crazy Yiuf (D:6)
  4 orc priests
  4 orc wizards
  2 worker ants
  A hound (D:7)
  4 iguanas
  A killer bee zombie (D:6)
  4 gnolls
  7 adders
  3 shadow imps (D:5)
  3 worms
  An adder zombie (D:5)
  A giant gecko (D:1)
  13 orcs
  A bat skeleton (D:4)
  A bat zombie (D:5)
  7 giant cockroaches
  13 hobgoblins
  13 jackals
  7 kobolds
  2 ball pythons
  12 bats
  A giant gecko skeleton (D:7)
  18 goblins
  A quokka (D:4)
  8 rats
157 creatures vanquished.

Notes
Turn   | Place    | Note
--------------------------------------------------------------
     0 | D:1      | kae, the Centaur Hunter, began the quest for the Orb.
     0 | D:1      | Reached XP level 1. HP: 17/17 MP: 1/1
   244 | D:1      | Reached XP level 2. HP: 12/24 MP: 2/2
   250 | D:1      | Reached skill level 6 in Bows
   979 | D:2      | Reached XP level 3. HP: 12/29 MP: 3/3
  1429 | D:2      | Found a blossoming altar of Fedhas.
  1450 | D:2      | Found a snail-covered altar of Cheibriados.
  1461 | D:2      | Reached skill level 7 in Bows
  1551 | D:2      | You fall through a shaft!
  1593 | D:3      | Found a shimmering altar of Xom.
  2014 | D:3      | Reached XP level 4. HP: 29/36 MP: 3/3
  2270 | D:3      | Reached skill level 8 in Bows
  2535 | D:3      | Reached XP level 5. HP: 37/41 MP: 4/4
  2555 | D:3      | Found a sacrificial altar of Ru.
  3310 | D:4      | HP: 2/41 [poisoned by a worker ant]
  3440 | D:4      | Reached skill level 9 in Bows
  4125 | D:4      | Found a shattered altar of Ashenzari.
  4460 | D:4      | Noticed an ogre
  4488 | D:4      | Killed an ogre
  4488 | D:4      | Reached skill level 10 in Bows
  4488 | D:4      | Reached XP level 6. HP: 48/48 MP: 5/5
  4605 | D:5      | Entered Level 5 of the Dungeon
  4956 | D:5      | Reached skill level 11 in Bows
  4956 | D:5      | Reached XP level 7. HP: 9/55 MP: 5/5
  5258 | D:5      | Noticed a water moccasin
  5272 | D:5      | Killed a water moccasin
  5471 | D:5      | Reached skill level 12 in Bows
  5562 | D:5      | Found a burning altar of Makhleb.
  5562 | D:5      | Noticed a cacodemon
  6110 | D:6      | Reached XP level 8. HP: 43/61 MP: 6/6
  6345 | D:6      | Reached skill level 13 in Bows
  6991 | D:6      | Found a white marble altar of Elyvilon.
  7392 | D:6      | Reached skill level 14 in Bows
  7774 | D:6      | Reached skill level 15 in Bows
  7851 | D:6      | Reached XP level 9. HP: 49/67 MP: 7/7
  8226 | D:6      | Noticed Crazy Yiuf
  8241 | D:6      | Killed Crazy Yiuf
  8574 | D:7      | Found a sparkling altar of Nemelex Xobeh.
  8717 | D:7      | Noticed McCoppin's ghost (experienced HuFE)
  9023 | D:7      | Killed McCoppin's ghost
  9023 | D:7      | Reached skill level 16 in Bows
  9037 | D:7      | Killed from afar by a gnoll sergeant

Action                   |  1- 3 |  4- 6 |  7- 9 || total
-------------------------+-------+-------+-------++-------
Melee: Short sword       |   151 |   154 |   196 ||   501
 Fire: Shortbow          |    17 |    85 |   273 ||   375
  Use: Potion            |       |     1 |     1 ||     2
       Scroll            |       |       |    17 ||    17
  Eat: Chunk             |     3 |     6 |    13 ||    22
